 Dungeon Crawl Stone Soup version 0.30-a0-728-gc68057be0a (webtiles) character file.

Game seed: 13393181925937151030

29772 jimonade the Cleaver (level 13, 0/70 HPs)
             Began as a Vine Stalker Brigand on Jan 31, 2023.
             Was an Elder of Uskayaw.
             Slain by an 11-headed hydra (6 damage)
             ... on level 13 of the Dungeon.
             The game lasted 00:36:41 (11119 turns).

jimonade the Cleaver (Vine Stalker Brigand)        Turns: 11119, Time: 00:36:41

Health: 0/70       AC: 10    Str: 17    XL:     13   Next: 47%
Magic:  0/19       EV: 14    Int: 15    God:    Uskayaw [****..]
Gold:   1126       SH: 12    Dex: 24    Spells: 12/12 levels left

rFire   . . .      SeeInvis .    a - +9 hand axe of Rish {distort, rC+ Int+4 Stlth+}
rCold   + + .      Faith    .    y - +0 kite shield
rNeg    . . .      Spirit   +    N - +3 leather armour {rC+}
rPois   .          Reflect  .    i - +1 helmet
rElec   .          Harm     .    c - +0 cloak
rCorr   .          Rampage  .    (no gloves)
Will    +....                    (no boots)
Stlth   +++++                    n - amulet of magic regeneration
HPRegen 1.11/turn                o - ring of wizardry
MPRegen 0.56/turn                F - +6 ring of dexterity

@: no status effects
A: fangs 3, regeneration 1, magic shield, antimagic bite, no potion heal 2
a: Renounce Religion, Stomp, Line Pass


You were on level 13 of the Dungeon.
You worshipped Uskayaw.
Uskayaw was noncommittal.
You visited 2 branches of the dungeon, and saw 14 of its levels.
You also visited: Ice Cave.

You collected 1126 gold pieces.

Inventory:

Hand Weapons
 a - the +9 hand axe of Rish (weapon) {distort, rC+ Int+4 Stlth+}
   (You found it on level 2 of the Dungeon)

   Int:       It affects your intelligence (+4).
   rC:        It protects you from cold.
   Stlth:     It makes you more stealthy.
Missiles
 d - 29 poisoned darts
 e - 3 curare-tipped darts
 j - 2 javelins
 k - 2 throwing nets
 w - 92 stones (quivered)
 I - 4 silver boomerangs
 J - 10 boomerangs
Armour
 c - a +0 cloak (worn)
 i - a +1 helmet (worn)
 y - a +0 kite shield (worn)
 L - a +0 troll leather armour
 N - a +3 leather armour of cold resistance (worn)
 O - a +1 tower shield of cold resistance
 P - a +0 robe of resistance
Jewellery
 n - an amulet of magic regeneration (around neck)
 o - a ring of wizardry (left hand)
 F - a +6 ring of dexterity (right hand)
Wands
 p - a wand of paralysis (6)
 M - a wand of iceblast (1)
Scrolls
 b - a scroll of enchant armour
 f - 5 scrolls of teleportation
 l - 3 scrolls of fog
 C - 2 scrolls of fear
 E - 2 scrolls of enchant weapon
 H - 2 scrolls of blinking
 K - 4 scrolls of identify
Potions
 g - 3 potions of invisibility
 h - a potion of flight
 m - 2 potions of ambrosia {unknown}
 s - a potion of heal wounds {unknown}
 t - 6 potions of brilliance
 u - 2 potions of magic
 v - 4 potions of curing
 x - a potion of resistance {unknown}
 z - 5 potions of attraction
 A - 2 potions of lignification {unknown}
 B - a potion of cancellation {unknown}
 D - 2 potions of mutation {unknown}
 G - a potion of might {unknown}
 Q - 2 potions of haste {unknown}


   Skills:
 + Level 9.2 Fighting
 - Level 2.3 Short Blades
 - Level 14.6 Axes
 + Level 2.1 Throwing
 + Level 6.2 Armour
 + Level 5.0 Dodging
 - Level 8.2 Stealth
 + Level 7.4 Shields
 * Level 7.7 Invocations


You had 12 spell levels left.
You didn't know any spells.
Your spell library contained the following spells:

 Spells                   Type           Power      Damage    Failure   Level
 Ensorcelled Hibernation  Hex/Ice        0%         N/A       43%         2
 Passwall                 Tmut/Erth      0%         N/A       43%         2
 Dazzling Flash           Conj/Hex       0%         N/A       65%         3
 Hailstorm                Conj/Ice       0%         3d3       65%         3
 Ignite Poison            Fire/Tmut/Pois 0%         N/A       65%         3
 Kindle Blastsparks       Fire/Tloc/Air  0%         2d10      65%         3
 Ozocubu's Armour         Ice            0%         N/A       65%         3
 Swiftness                Air            0%         N/A       65%         3
 Ice Form                 Ice/Tmut       0%         N/A       95%         4
 Agony                    Necr           0%         N/A       100%        5
 Freezing Cloud           Conj/Ice/Air   0%         6-21      100%        5
 Iskenderun's Battlesphe  Conj           0%         2d6       100%        5
 Silence                  Hex/Air        0%         N/A       100%        5
 Iron Shot                Conj/Erth      0%         9d1       100%        6
 Simulacrum               Ice/Necr       0%         N/A       100%        6
 Ozocubu's Refrigeration  Ice            0%         4d7       100%        7
 Spellforged Servitor     Conj/Summ      0%         N/A       100%        7
 Borgnjor's Revivificati  Necr           0%         N/A       100%        8
 Necromutation            Tmut/Necr      0%         N/A       100%        8
 Death's Door             Necr           0%         N/A       100%        9
 Polar Vortex             Ice            0%         N/A       100%        9


Dungeon Overview and Level Annotations

Branches:
Dungeon (13/15)            Temple (1/1) D:4            Lair (0/5) D:10
    Orc (0/2) D:9           IceCv (visited)
 Vaults: D:13-14

Altars:
Ashenzari
Cheibriados
Dithmenos
Elyvilon
Fedhas
Gozag
Hepliaklqana
Kikubaaqudgha
Makhleb
Nemelex Xobeh
Okawaru
Qazlal
Ru
Sif Muna
Trog
Uskayaw
Vehumet
Wu Jian
Xom
Yredelemnul
Zin
The Shining One

Shops:
D:1 :[(   D:5 !   D:6 *:   D:7 [

Annotations:
Abyss:1 Blork the orc, Prince Ribbit


Innate Abilities, Weirdness & Mutations

You have razor-sharp teeth.
Your natural rate of healing is unusually fast.
When hurt, damage is shared between your health and your magic reserves.
Your bite disrupts and absorbs the magic of your enemies.
Potions cannot restore your health.


Message History

You block the eight-headed hydra's attack.
The eight-headed hydra bites you.
The eight-headed hydra bites you but does no damage.
The eight-headed hydra bites you. x2
You block the eight-headed hydra's attack.
You are too injured to fight recklessly!
You are too injured to fight recklessly!
You lop one of the eight-headed hydra's heads off!
The seven-headed hydra grows two more!
You slash the nine-headed hydra!
Space warps around the nine-headed hydra!
You bite the nine-headed hydra. You drain its power.
You feel invigorated.
The nine-headed hydra is heavily wounded.
The nine-headed hydra bites you but does no damage.
The nine-headed hydra bites you!
The nine-headed hydra completely misses you.
You block the nine-headed hydra's attack.
The nine-headed hydra barely misses you.
The nine-headed hydra bites you but does no damage.
The nine-headed hydra bites you!
* * * LOW HITPOINT WARNING * * *
The nine-headed hydra barely misses you.
You block the nine-headed hydra's attack.
You hack one of the nine-headed hydra's heads off!
The eight-headed hydra grows two more!
You slash the ten-headed hydra! You bite the ten-headed hydra!
You drain its power.
You feel invigorated.
The ten-headed hydra is severely wounded.
Uskayaw will force your foes to share their pain.
You chop one of the ten-headed hydra's heads off!
The nine-headed hydra grows two more!
You slash the 11-headed hydra!
Space warps around the 11-headed hydra.
The 11-headed hydra is almost dead.
The 11-headed hydra closely misses you. The 11-headed hydra bites you!
* * * LOW HITPOINT WARNING * * *
The 11-headed hydra bites you!
* * * LOW HITPOINT WARNING * * *
You block the 11-headed hydra's attack. The 11-headed hydra bites you!
* * * LOW HITPOINT WARNING * * *
The 11-headed hydra completely misses you.
The 11-headed hydra bites you!
You die...

#########
#.......# #
#.......#
+..###$.@....#
#......D....#
#####.......#
###.##### #.##
#..# ##.# #.#
#.#


You could see a 11-headed hydra.

Vanquished Creatures
  A frost giant (IceCv)
  Harold (D:9)
  Erolcha (D:11)
  3 two-headed ogres
  5 death yaks (IceCv)
  Pikel (D:6)
  2 ugly things
  A cyclops (D:11)
  An ice statue (IceCv)
  An unseen horror (D:12)
  A gargoyle (D:12)
  A kobold demonologist (D:12)
  7 rime drakes (IceCv)
  A komodo dragon (D:12)
  4 polar bears (IceCv)
  4 trolls
  A meliai (shapeshifter) (D:13)
  2 slime creatures (D:12)
  A shadow (D:12)
  4 wyverns (D:10)
  2 wraiths
  31 yaks
  A steam dragon (D:7)
  3 water moccasins
  8 orc warriors
  A sky beast (D:8)
  2 black bears
  3 ogres
  7 wolves (IceCv)
  10 centaurs
  A kobold brigand (D:11)
  4 lemures (D:6)
  A phantom (D:5)
  3 bullfrogs
  A gnoll sergeant (D:9)
  4 necrophages
  5 wights (D:10)
  7 killer bees
  7 howler monkeys
  2 gnoll boudas
  8 orc priests
  A jelly (D:5)
  4 hounds
  2 iguanas
  5 orc wizards
  11 adders
  14 gnolls
  A shadow imp (D:5)
  12 white imps
  3 worms
  A dart slug (D:1)
  84 orcs
  6 ball pythons
  4 bats
  8 endoplasms
  9 goblins
  7 hobgoblins
  10 jackals
  2 quokkas
  4 frilled lizards
  10 kobolds
  14 rats
366 creatures vanquished.

Vanquished Creatures (others)
  A fungus (D:10)
  8 plants (D:10)
9 creatures vanquished.

Grand Total: 375 creatures vanquished

Notes
Turn   | Place    | Note
-------+----------+-------------------------------------------
     0 | D:1      | jimonade the Vine Stalker Brigand began the quest for the
                  | Orb.
     0 | D:1      | Reached XP level 1. HP: 11/11 MP: 2/2
   117 | D:1      | Reached skill level 5 in Stealth
   145 | D:1      | Reached XP level 2. HP: 9/15 MP: 3/3
   284 | D:1      | Found Katoudgh's Weapon Emporium.
   472 | D:1      | Reached XP level 3. HP: 18/18 MP: 2/4
   589 | D:1      | Found Oleloc's Book Shoppe.
   636 | D:1      | Found Vaneosm's Antique Armour Shoppe.
   999 | D:2      | Reached skill level 1 in Dodging
  1066 | D:2      | Identified the +9 hand axe of Rish {distort, rC+ Int+4
                  | Stlth+}
  1170 | D:2      | Found a burning altar of Makhleb.
  1406 | D:2      | Gained mutation: Your natural rate of healing is unusually
                  | fast. [Vine Stalker growth]
  1406 | D:2      | Reached XP level 4. HP: 16/23 MP: 3/5
  2033 | D:3      | Found a faded altar of an unknown god.
  2255 | D:3      | Reached skill level 1 in Axes
  2288 | D:3      | Found an iron altar of Okawaru.
  2622 | D:4      | Reached XP level 5. HP: 15/26 MP: 3/6
  2643 | D:4      | Found an opulent altar of Gozag.
  2667 | D:4      | Reached skill level 2 in Axes
  2692 | D:4      | Found a staircase to the Ecumenical Temple.
  2707 | D:4      | You fall into a shaft and drop 1 floor!
  2707 | D:5      | Entered Level 5 of the Dungeon
  2751 | D:4      | Noticed a black bear
  2759 | D:4      | Killed a black bear
  2760 | D:4      | Reached skill level 3 in Axes
  2760 | D:4      | Reached XP level 6. HP: 30/30 MP: 7/7
  2868 | Temple   | Entered the Ecumenical Temple
  3033 | D:4      | Identified the +8 ring mail of Cemut {*Slow Will+ Dex+4}
  3572 | D:5      | Reached skill level 4 in Axes
  3601 | D:5      | Reached XP level 7. HP: 32/35 MP: 6/8
  3610 | D:5      | Reached skill level 1 in Armour
  3615 | D:5      | Reached skill level 5 in Axes
  3714 | D:5      | Found Udweroig's Distillery.
  4074 | D:6      | Reached skill level 1 in Shields
  4074 | D:6      | Gained mutation: You have razor-sharp teeth. [Vine Stalker
                  | growth]
  4074 | D:6      | Reached XP level 8. HP: 39/39 MP: 9/9
  4113 | D:6      | Noticed Blork the orc
  4126 | D:6      | Banished Blork the orc
  4127 | D:6      | Reached skill level 6 in Axes
  4163 | D:6      | Found a basalt altar of Yredelemnul.
  4167 | D:6      | Noticed Pikel
  4180 | D:6      | Paralysed by something for 2 turns
  4188 | D:6      | Paralysed by something for 2 turns
  4201 | D:6      | Paralysed by something for 5 turns
  4208 | D:6      | Killed Pikel
  4209 | D:6      | Reached skill level 7 in Axes
  4361 | D:6      | Found Riynteepn's Tremendous Tomes.
  4384 | D:6      | Reached XP level 9. HP: 44/44 MP: 10/10
  4411 | D:6      | Found a shadowy altar of Dithmenos.
  4426 | D:6      | Noticed Prince Ribbit
  4435 | D:6      | Banished Prince Ribbit
  4540 | D:6      | Found Ankoudghe's General Store.
  4855 | D:7      | Found Laremaf's Antique Armour Boutique.
  5015 | D:7      | Found a white marble altar of Elyvilon.
  5201 | D:7      | Reached skill level 8 in Axes
  5889 | D:7      | Identified a scroll of acquirement
  5889 | D:7      | Acquired a manual of Axes
  6010 | D:8      | Reached skill level 9 in Axes
  6198 | D:8      | Reached XP level 10. HP: 46/51 MP: 11/11
  6384 | D:8      | Found a hide-covered altar of Uskayaw.
  6396 | D:8      | Found a hazy altar of Hepliaklqana.
  6406 | D:8      | Became a worshipper of Uskayaw the Reveller
  6457 | D:8      | Found a broken altar of Ashenzari.
  6580 | D:8      | Reached * piety under Uskayaw
  6656 | D:8      | Reached ** piety under Uskayaw
  6659 | D:8      | Reached *** piety under Uskayaw
  6660 | D:8      | Reached skill level 10 in Axes
  6662 | D:8      | Reached **** piety under Uskayaw
  6664 | D:8      | Reached ***** piety under Uskayaw
  6669 | D:8      | Reached ****** piety under Uskayaw
  7074 | D:9      | Noticed Harold
  7087 | D:9      | Reached skill level 11 in Axes
  7097 | D:9      | Killed Harold
  7098 | D:9      | Reached skill level 5 in Fighting
  7098 | D:9      | Reached skill level 5 in Armour
  7254 | D:9      | Found a staircase to the Orcish Mines.
  7287 | D:9      | Reached skill level 1 in Invocations
  7329 | D:9      | Found a shimmering blue altar of Sif Muna.
  7673 | D:9      | Reached skill level 12 in Axes
  7867 | D:10     | Entered Level 10 of the Dungeon
  7918 | D:10     | Noticed a two-headed ogre
  7925 | D:10     | Killed a two-headed ogre
  7926 | D:10     | Reached XP level 11. HP: 45/56 MP: 9/14
  8151 | D:10     | Found a staircase to the Lair.
  8160 | D:10     | Reached skill level 13 in Axes
  8347 | D:10     | Noticed a two-headed ogre
  8355 | D:10     | Killed a two-headed ogre
  8430 | D:10     | Reached skill level 14 in Axes
  8494 | D:10     | Found an ornate altar of the Wu Jian Council.
  8729 | D:11     | Noticed a cyclops
  8733 | D:11     | Noticed Erolcha
  8755 | D:11     | Killed a cyclops
  8772 | D:11     | Killed Erolcha
  8783 | D:11     | Reached skill level 5 in Shields
  8839 | D:11     | Noticed a two-headed ogre
  8846 | D:11     | Banished a two-headed ogre
  8847 | D:11     | Reached skill level 5 in Invocations
  8847 | D:11     | Reached XP level 12. HP: 62/62 MP: 16/16
  8917 | D:11     | Noticed a boulder beetle
  8930 | D:11     | Noticed a two-headed ogre
  8944 | D:11     | HP: 3/62 [boulder beetle (4)]
  9123 | D:11     | Found a frozen archway.
  9163 | IceCv    | Entered an ice cave
  9206 | IceCv    | Noticed a death yak
  9220 | IceCv    | Killed a death yak
  9316 | IceCv    | Noticed a death yak
  9322 | IceCv    | Killed a death yak
  9508 | IceCv    | Noticed a death yak
  9517 | IceCv    | Killed a death yak
  9567 | IceCv    | Noticed a death yak
  9589 | IceCv    | Killed a death yak
  9647 | IceCv    | Noticed a death yak
  9647 | IceCv    | Noticed a frost giant
  9667 | IceCv    | Killed a death yak
  9677 | IceCv    | Killed a frost giant
  9929 | D:11     | Killed a two-headed ogre
  9930 | D:11     | Reached XP level 13. HP: 69/69 MP: 19/19
  9953 | D:11     | Found Fuvaotosch's Assorted Antiques.
 10011 | D:11     | Found a shimmering blue altar of Sif Muna.
 11109 | D:13     | Reached skill level 5 in Dodging
 11119 | D:13     | Slain by an 11-headed hydra

Illustrated notes

Levels and vault maps discovered:
D:1:      dpeg_arrival_ratfight, layout_basic, serial_curves, eino_curves_02,
          eino_curves_04, serial_shops, nicolae_lakefront_shop,
          nicolae_shop_behind_doors, shop
D:2:      layout_basic, basic_altar, wander_ebering_terrifying_dragon_lair
D:3:      layout_basic, okawaru_ov_weapons_minmay,
          hellmonk_ecumenical_altar_crossroads
D:4:      layout_basic, nicolae_gozag_cash_rules_everything_around_me,
          minmay_temple_entry_overgrown
D:5:      layout_rooms, serial_corexii_hall, chequers_hall_statues_y,
          chequers_hall_statues_corner_a, chequers_hall_statues_wall_a,
          moated_statue, minmay_shop_grid_forest,
          hangedman_abyss_or_decor_lesser_grid, minmay_misc_feat_rows,
          minmay_checkerbox
D:6:      layout_cave_pools, general_overflow_altar,
          nicolae_dithmenos_shadow_blocks, serial_shops, shop, st_stairs_7,
          kennysheep_minor_cross, chequers_mini_garden,
          nicolae_shop_i_like_big_books, uniq_pikel, uniq_prince_ribbit1,
          uniq_blork_the_orc
D:7:      layout_basic, mainiacjoe_overflow_concentric_impassable,
          hangedman_abyss_or_decor_jellyfish_corner, st_stairs_3,
          nicolae_stop_n_shop_2, minmay_misc_feat_iff, minivault_10,
          roderic_serpentine_path
D:8:      layout_loops_ring, mainiacjoe_overflow_alcove_2,
          amethyst_overflow_temple_binary, special_room [special_room_orc]
D:9:      layout_loops_ring, mainiacjoe_overflow_tiny_flanked, david_orc_2,
          uniq_harold
D:10:     layout_roguey [special_room_orc], nicolae_wu_jian_immortal_techniques,
          minmay_lair_entry_grove
D:11:     layout_basic, portal_ice_cave_entry_imps, serial_shops,
          nicolae_shop_hallway_stairs, lemuel_blue_sif_altar, uniq_erolcha
D:12:     layout_roguey, minmay_misc_feat_x
D:13:     layout_roguey, chequers_serial_rivers_micro_e
Temple:   hellmonk_temple_flake

Skill      XL: |  1  2  3  4  5  6  7  8  9 10 11 12 13 |
---------------+----------------------------------------+-----
Short Blades   | 2 |  2.3
Stealth        | 5 6 7 8 |  8.2
Dodging        | 1 2 4 5 |  5.0
Fighting       | 2 3 4 5 6 8 9 |  9.2
Axes           | 1 3 4 5 7 9 12 14 | 14.6
Armour         | 1 2 4 5 6 |  6.2
Shields        | 1 3 5 6 7 |  7.4
Invocations    | 2 5 6 7 |  7.7
Throwing       | 2 |  2.1

Action                     |  1- 3 |  4- 6 |  7- 9 | 10-12 | 13-15 || total
---------------------------+-------+-------+-------+-------+-------++-------
  Melee: Dagger            |    78 |       |       |       |       ||    78
         Bite              |    16 |    15 |    38 |   131 |    33 ||   233
         Hand axe          |     9 |    76 |   141 |   380 |    90 ||   696
  Throw: Stone             |       |       |       |     3 |       ||     3
    Use: Scroll            |       |    10 |     5 |     7 |       ||    22
   Stab: Sleeping          |     9 |    18 |    10 |    13 |     9 ||    59
         Distracted        |       |       |     2 |     2 |       ||     4
         Paralysed         |       |       |       |    43 |    12 ||    55
 Armour: Robe              |    17 |       |       |       |       ||    17
         Ring mail         |     3 |    18 |    44 |    21 |       ||    86
         Troll leather arm |       |       |       |    14 |       ||    14
         Leather armour    |       |       |       |    24 |    26 ||    50
  Dodge: Dodged            |    47 |    20 |    43 |    96 |    37 ||   243
  Block: Kite shield       |       |    16 |    46 |   139 |    31 ||   232

Table legend: (Time is in decaauts)
 A = Elapsed time spent in this place.
 B = Non-inter-level travel time spent in this place.
 C = Inter-level travel time spent in this place.
 D = Time resting spent in this place.
 E = Time spent auto-exploring this place.
 F = Levels seen in this place.
 G = Mean time per level.
                   A        B        C        D        E       F      G
               +--------+--------+--------+--------+--------+-----+--------+
         Total |  11077 |  10215 |    862 |    518 |   7129 |  15 |  738.5 |
       Dungeon |  10242 |   9389 |    853 |    504 |   6666 |  13 |  787.8 |
        Temple |    149 |    140 |      9 |      0 |    127 |   1 |  149.0 |
      Ice Cave |    685 |    685 |      0 |     14 |    336 |   1 |  685.0 |
               +--------+--------+--------+--------+--------+-----+--------+

Top non-repeatable levels by time:
     D:7: 1188 daAuts
     D:2: 970 daAuts
     D:1: 960 daAuts
     D:8: 940 daAuts
     D:9: 894 daAuts
    D:12: 870 daAuts
    D:11: 796 daAuts
     D:4: 779 daAuts
    D:10: 729 daAuts
     D:6: 704 daAuts
   IceCv: 685 daAuts
     D:5: 667 daAuts
     D:3: 664 daAuts
  Temple: 149 daAuts
    D:13: 75 daAuts
